 Dungeon Crawl Stone Soup version 0.20.1-1-g8b1a95d (webtiles) character file.

98 Ladykiller69 the Chucker (level 4, 0/42 HPs)
             Began as a Troll Hunter on Aug 2, 2017.
             Slain by Grinder (13 damage)
             ... on level 3 of the Dungeon.
             The game lasted 00:02:19 (1186 turns).

Ladykiller69 the Chucker (Troll Hunter)             Turns: 1186, Time: 00:02:19

Health: 0/42       AC:  5    Str: 20    XL:     4   Next: 43%
Magic:  3/3        EV: 15    Int:  7    God:
Gold:   126        SH:  0    Dex: 16    Spells: 3/3 levels left

rFire    . . .     SeeInvis .     - Unarmed
rCold    . . .     Gourm    +   (no shield)
rNeg     . . .     Faith    .   b - +0 robe
rPois    .         Spirit   .   (helmet restricted)
rElec    .         Reflect  .   (no cloak)
rCorr    .         Harm     .   (gloves unavailable)
MR       .....                  (boots unavailable)
Stlth    +++.......             (no amulet)
Regen    0.6/turn               (no ring)
MPRegen  0.1/turn               (no ring)

@: agile
A: unfitting armour, claws 3, fast metabolism 3, gourmand, regeneration 1,
shaggy fur 1, tough skin 2
a: no special abilities


You were on level 3 of the Dungeon.
You were full.

You visited 1 branch of the dungeon, and saw 3 of its levels.

You collected 126 gold pieces.

Inventory:

Hand Weapons
 a - a +0 short sword
Missiles
 c - 5 large rocks (quivered)
 d - 2 throwing nets
 q - 63 stones
 u - 20 poisoned needles
Armour
 b - a +0 robe (worn)
Scrolls
 e - 3 scrolls of identify {unknown}
 g - 2 scrolls of fog {unknown}
 k - a scroll of recharging {unknown}
 n - 3 scrolls of remove curse {unknown}
 o - a scroll of enchant weapon {unknown}
 s - a scroll of enchant armour {unknown}
 t - a scroll of blinking {unknown}
Potions
 j - a potion of lignification {unknown}
 l - a potion of brilliance {unknown}
 m - a potion of magic {unknown}
Comestibles
 f - 4 bread rations
 i - 2 royal jellies
 p - a meat ration
 r - a fruit


   Skills:
 + Level 1.7 Fighting
 + Level 4.3 Throwing
 + Level 2.0 Dodging
 - Level 0.3 Stealth
 * Level 2.6 Unarmed Combat


You had 3 spell levels left.
You didn't know any spells.

Dungeon Overview and Level Annotations

Branches:
Dungeon (3/15)

Altars:

Annotations:
D:3 Grinder


Innate Abilities, Weirdness & Mutations

You are too large for most types of armour.
You have claws for hands.
Your metabolism is lightning-fast.
You like to eat raw meat.
Your natural rate of healing is unusually fast.
You are covered in fur. (AC +1)
You have very tough skin. (AC +2)


Message History

Grinder is nearby!
Grinder drinks a potion.
Grinder seems to grow stronger.
You closely miss Grinder. Grinder closely misses you.
You barely miss Grinder. Grinder closely misses you.
You barely miss Grinder. Grinder hits you!
You writhe in agony.
You scratch Grinder but do no damage. Grinder hits you.
You writhe in agony.
You barely miss Grinder. Grinder hits you!
You writhe in agony.
You scratch Grinder.
Grinder is lightly wounded.
Grinder hits you.
* * * LOW HITPOINT WARNING * * *
You closely miss Grinder.
Grinder is lightly wounded.
Grinder blinks!
It was a potion of agility.
You feel agile all of a sudden.
You are too injured to fight recklessly!
You are too injured to fight recklessly!
Grinder hits you!
You die...

#............#
#............#
##............#
#.......####+##
#.......####.##
#.............#
#.......%.....#
#......5......#
#.......@.....#
#.............#
#..........:..#
#.............#
#####+#......#
########


You could see Grinder.

Vanquished Creatures
  Robin (D:2)
  4 adders (D:2)
  A dart slug (D:2)
  2 leopard geckos
  2 bats
  A giant cockroach (D:1)
  11 goblins
  9 hobgoblins
  2 jackals (D:2)
  A quokka (D:3)
  4 frilled lizards
  4 kobolds
  4 rats
46 creatures vanquished.

Notes
Turn   | Place    | Note
-------+----------+-------------------------------------------
     0 | D:1      | Ladykiller69 the Troll Hunter began the quest for the Orb.
     0 | D:1      | Reached XP level 1. HP: 19/19 MP: 0/0
     6 | D:1      | Noticed a seven-headed hydra
     6 | D:1      | Noticed a black mamba
     6 | D:1      | Noticed a killer bee
     6 | D:1      | Noticed an iguana
     6 | D:1      | Noticed a polar bear
   308 | D:1      | Reached XP level 2. HP: 20/27 MP: 1/1
   423 | D:1      | Reached skill level 4 in Throwing
   469 | D:1      | Reached skill level 1 in Unarmed Combat
   660 | D:2      | Reached XP level 3. HP: 19/33 MP: 2/2
   751 | D:2      | Noticed Robin
   782 | D:2      | Reached XP level 4. HP: 27/42 MP: 3/3
   792 | D:2      | Killed Robin
   834 | D:2      | You fall through a shaft!
  1174 | D:3      | Noticed Grinder
  1186 | D:3      | Slain by Grinder

Skill      XL: |  1  2  3  4 |
---------------+-------------+-----
Throwing       | 4 |  4.3
Unarmed Combat | 1 2 |  2.6
Dodging        | 2 |  2.0
Fighting       | |  1.7
Stealth        | |  0.3

Action                   |  1- 3 |  4- 6 || total
-------------------------+-------+-------++-------
Melee: Unarmed           |   133 |    28 ||   161
       Punch             |     1 |       ||     1
  Use: Potion            |       |     1 ||     1
  Eat: Chunk             |    11 |     3 ||    14
Armor: Robe              |    51 |     7 ||    58
Dodge: Dodged            |    76 |    15 ||    91
